 Dungeon Crawl Stone Soup version 0.23-a0-417-gf02c810438 (webtiles) character file.

6758 Notair the Spear-Bearer (level 10, 0/93 HPs)
             Began as a Minotaur Gladiator on Nov 10, 2018.
             Was a Believer of Okawaru.
             Slain by Snorg (8 damage)
             ... on level 10 of the Dungeon.
             The game lasted 00:31:16 (11937 turns).

Notair the Spear-Bearer (Minotaur Gladiator)       Turns: 11937, Time: 00:31:18

Health: 0/93       AC: 16    Str: 19    XL:     10   Next: 75%
Magic:  9/9        EV:  7    Int:  8    God:    Okawaru [**....]
Gold:   705        SH:  0    Dex: 10    Spells: 9/9 levels left

rFire    . . .     SeeInvis .   F - +0 halberd
rCold    . . .     Gourm    .   (shield currently unavailable)
rNeg     . . .     Faith    .   K - +0 plate armour
rPois    .         Spirit   .   e - +1 hat
rElec    .         Reflect  .   Y - +0 cloak
rCorr    .         Harm     .   (no gloves)
MR       +....                  (no boots)
Stlth    ..........             C - amulet of the acrobat
HPRegen  0.25/turn              R - -2 ring of dexterity (curse)
MPRegen  0.11/turn              M - ring of protection from magic

@: studying Shields
A: retaliatory headbutt, horns 2
a: Heroism, Renounce Religion


You were on level 10 of the Dungeon.
You worshipped Okawaru.
Okawaru was pleased with you.
You were hungry.

You visited 2 branches of the dungeon, and saw 11 of its levels.

You collected 705 gold pieces.

Inventory:

Hand Weapons
 a - a +0 trident
 k - a +0 blowgun
 E - a +0 hunting sling
 F - a +0 halberd (weapon)
 S - a +3 trident
 W - a +4 battleaxe of flaming
Missiles
 g - 60 sling bullets
 i - 59 poisoned needles
 r - 336 stones (quivered)
 t - 8 needles of sleeping
 B - 95 bolts
Armour
 e - a +1 hat (worn)
 I - a scarf of cloud immunity
 K - a +0 plate armour (worn)
 Y - a +0 cloak (worn)
Jewellery
 c - an uncursed ring of see invisible
 w - an uncursed ring of resist corrosion
 C - an amulet of the acrobat (around neck)
 M - a ring of protection from magic (right hand)
 R - a cursed -2 ring of dexterity (left hand)
 V - an uncursed ring of poison resistance
 Z - an uncursed ring of flight
Wands
 Q - a wand of iceblast (18)
Scrolls
 h - 12 scrolls of teleportation
 m - 3 scrolls of fog
 n - 5 scrolls of remove curse
 p - a scroll of blinking
 y - 4 scrolls of enchant armour
 z - 5 scrolls of magic mapping {unknown}
 A - a scroll of noise {unknown}
 N - a scroll of immolation {unknown}
 O - a scroll of torment {unknown}
 P - a scroll of brand weapon {unknown}
 T - 3 scrolls of identify
 U - a scroll of fear
Potions
 b - 3 potions of lignification
 j - a potion of flight
 l - 2 potions of brilliance
 o - 3 potions of heal wounds
 q - 2 potions of magic
 s - a potion of ambrosia
 u - 3 potions of degeneration
 v - 2 potions of resistance
 x - 3 potions of curing
 D - 2 potions of invisibility
 G - a potion of might
 H - a potion of haste {unknown}
 J - 2 potions of agility {unknown}
Books
 L - a manual of Shields
Comestibles
 f - 15 rations


   Skills:
 + Level 10.1 Fighting
 * Level 13.8 Polearms
 - Level 2.0 Throwing
 + Level 9.8 Armour
 - Level 3.2 Dodging


You had 9 spell levels left.
You didn't know any spells.
Your spell library contained the following spells:

 Spells                   Type           Power        Failure   Level  Hunger
 Animate Skeleton         Necr           N/A          100%        1    ##.....
 Apportation              Tloc           #.....       100%        1    ##.....
 Confusing Touch          Hex            #.....       100%        1    ##.....
 Corona                   Hex            #......      100%        1    ##.....
 Summon Small Mammal      Summ           #...         100%        1    ##.....
 Call Imp                 Summ           #.......     100%        2    ###....
 Ensorcelled Hibernation  Hex/Ice        #.....       100%        2    ###....
 Call Canine Familiar     Summ           #.......     100%        3    ####...
 Confuse                  Hex            #.......     100%        3    ####...
 Dazzling Spray           Conj/Hex       #.....       100%        3    ####...
 Gell's Gravitas          Tloc           #.........   100%        3    ####...
 Summon Guardian Golem    Hex/Summ       #.......     100%        3    ####...
 Tukima's Dance           Hex            #.......     100%        3    ####...
 Petrify                  Tmut/Erth      #.......     100%        4    #####..
 Summon Ice Beast         Ice/Summ       #.......     100%        4    #####..
 Summon Lightning Spire   Summ/Air       #.......     100%        4    #####..
 Metabolic Englaciation   Hex/Ice        #.........   100%        5    ######.
 Yara's Violent Unravell  Hex/Tmut       #.........   100%        5    ######.


Dungeon Overview and Level Annotations

Branches:
Dungeon (10/15)            Temple (1/1) D:7            Lair (0/6) D:9
    Orc (0/2) D:10

Altars:
Ashenzari
Cheibriados
Dithmenos
Elyvilon
Fedhas
Hepliaklqana
Kikubaaqudgha
Makhleb
Okawaru
Qazlal
Ru
Trog
Uskayaw
Wu Jian
Xom
Yredelemnul
Zin

Annotations:
D:4 1 runed door
D:10 Snorg


Innate Abilities, Weirdness & Mutations

You reflexively headbutt those who attack you in melee.
You have a pair of horns on your head.


Message History

Snorg struggles against the net.
Snorg struggles against the net.
The orc shouts!
Snorg struggles against the net. x2
Snorg struggles against the net.
The net rips apart, and Snorg comes free!
Snorg rages.
The orc completely misses you.
Snorg rages.
The orc completely misses you.
Throwing (i - inventory)
r - 337 stones (quivered)
Press: ? - help, Shift-Dir - straight line, f/p - Snorg
Aim: Snorg (moderately wounded, berserk, fast, unusually strong)
You throw a stone.
The stone hits Snorg but does no damage.
Snorg is moderately wounded.
Snorg bites you.
* * * LOW HITPOINT WARNING * * *
Snorg claws you!
You die...

,**,,,,,,,,........(....# #.....
,**,,,,,,,,,,,,#........####.....
,,,,,,,,,,,,,,,#.................
,*,,,,,,,,,,,,)#...####......###.
,*,,,,,),,,,,,,#...# #.###..# #.
,*,,,,,,),,,,,,#...# #.# #..# #.
,*,,,,,,,),),,,#...# #.# #..# #.
,*,,,,<,,,,,,[,#To.# #.# #..# #.
,*,,*****,,,,รท,#@..# #.# #..# #.
,*,,* *......><..# #.* #..###.
,*,,* *..#...#...# *,* #......
,*,,* *,,#...#...# *)* #......
,,,,* *,,#..,#...# *,* #......
,,,,* *,,#..,#...#***,* #......
,,,,* *,,#.,,#....,,,,* #......
,**,* *,,#.,,#.....,,,* #......
,**,* *,,*,,,*,,,****,* #......


You could see Snorg (berserk) and an orc.

Vanquished Creatures
  Harold (D:9)
  An unseen horror (D:10)
  A merfolk (D:9)
  2 hippogriffs
  Sigmund (D:2)
  The ghost of motoroller71 the Ducker, an amateur GnGl (D:3)
  A hungry ghost (D:8)
  A steam dragon (D:8)
  Menkaure (D:7)
  2 water moccasins
  Duvessa (D:7)
  An orc warrior (D:10)
  An ice beast (D:9)
  4 sky beasts
  A necrophage (D:10)
  5 ogres
  4 centaurs
  3 big kobolds
  6 bullfrogs
  Dowan (D:7)
  A water moccasin skeleton (D:4)
  4 scorpions
  5 wights (D:8)
  3 howler monkeys (D:8)
  6 crimson imps
  A centaur zombie (D:5)
  A quasit (D:7)
  A jelly (D:7)
  3 hounds
  A gnoll shaman (D:4)
  5 orc priests
  3 iguanas
  8 orc wizards
  3 worker ants
  A killer bee zombie (D:7)
  A hound zombie (D:7)
  2 hound skeletons
  A worker ant zombie (D:6)
  14 adders
  12 gnolls
  2 howler monkey skeletons
  A river rat (D:3)
  An adder zombie (D:5)
  A worm (D:3)
  4 leopard geckos
  50 orcs
  4 bats
  11 giant cockroaches
  3 goblins
  8 hobgoblins
  10 jackals
  22 kobolds
  7 quokkas
  4 ball pythons
  3 frilled lizards
  A jackal skeleton (D:4)
  A leopard gecko skeleton (D:7)
  A quokka skeleton (D:4)
  7 rats
256 creatures vanquished.

Notes
Turn   | Place    | Note
-------+----------+-------------------------------------------
     0 | D:1      | Notair the Minotaur Gladiator began the quest for the Orb.
     0 | D:1      | Reached XP level 1. HP: 18/18 MP: 0/0
   271 | D:1      | Reached skill level 4 in Polearms
   271 | D:1      | Reached XP level 2. HP: 19/25 MP: 1/1
   381 | D:1      | Reached skill level 1 in Armour
   890 | D:2      | Reached XP level 3. HP: 29/31 MP: 2/2
   926 | D:2      | Reached XP level 4. HP: 38/38 MP: 3/3
  1049 | D:2      | Reached skill level 5 in Polearms
  1130 | D:2      | Noticed Sigmund
  1144 | D:2      | Killed Sigmund
  1144 | D:2      | Reached skill level 6 in Polearms
  1144 | D:2      | Reached XP level 5. HP: 35/46 MP: 4/4
  1709 | D:3      | Reached XP level 6. HP: 48/52 MP: 5/5
  3017 | D:4      | Reached skill level 7 in Polearms
  3055 | D:4      | Reached skill level 5 in Fighting
  3055 | D:4      | Reached XP level 7. HP: 50/61 MP: 6/6
  3624 | D:4      | Reached skill level 8 in Polearms
  3938 | D:4      | Reached skill level 5 in Armour
  3994 | D:4      | Found a runed door.
  3994 | D:4      | Noticed motoroller71's ghost (amateur GnGl)
  4161 | D:3      | Killed motoroller71's ghost
  4161 | D:3      | Reached XP level 8. HP: 36/70 MP: 7/7
  4408 | D:4      | Found a runed door.
  4577 | D:5      | Entered Level 5 of the Dungeon
  4641 | D:5      | Reached skill level 9 in Polearms
  4662 | D:5      | Noticed a hippogriff
  5378 | D:5      | Killed a hippogriff
  5557 | D:5      | Reached skill level 10 in Polearms
  6398 | D:6      | Reached XP level 9. HP: 76/79 MP: 8/8
  7256 | D:6      | Found a blossoming altar of Fedhas.
  7391 | D:7      | Noticed Dowan
  7392 | D:7      | Noticed Duvessa
  7412 | D:7      | Killed Duvessa
  7418 | D:7      | Killed Dowan
  7418 | D:7      | Reached skill level 11 in Polearms
  7877 | D:7      | Noticed Menkaure
  7892 | D:7      | Killed Menkaure
  8078 | D:7      | Found a staircase to the Ecumenical Temple.
  8084 | Temple   | Entered the Ecumenical Temple
  8189 | Temple   | Became a worshipper of Warmaster Okawaru
  8465 | D:7      | Found a staircase to the Ecumenical Temple.
  8606 | D:8      | Reached skill level 12 in Polearms
  8734 | D:8      | Reached * piety under Okawaru
  8734 | D:8      | Reached XP level 10. HP: 21/91 MP: 9/9
  9638 | D:8      | Found a basalt altar of Yredelemnul.
 10057 | D:9      | Found a staircase to the Lair.
 10518 | D:9      | Reached skill level 13 in Polearms
 10763 | D:10     | Entered Level 10 of the Dungeon
 10763 | D:10     | Noticed Snorg
 11016 | D:10     | Found a shimmering altar of Xom.
 11062 | D:10     | Noticed Harold
 11110 | D:9      | Killed Harold
 11110 | D:9      | Reached ** piety under Okawaru
 11585 | D:10     | Found a staircase to the Orcish Mines.
 11856 | D:10     | Noticed an unseen horror
 11866 | D:10     | Killed an unseen horror
 11866 | D:10     | Reached skill level 10 in Fighting
 11937 | D:10     | Slain by Snorg

Vault maps used:
D:1:      elethiomel_arrival_quiet, minivault_4, minmay_stone_trees_large,
          minmay_pentomino_p2
D:2:      uniq_sigmund
D:4:      ebering_ghost_sewer_f, first_ration
D:5:      minmay_manual_maat
D:6:      fedhas_altar_2
D:7:      minmay_temple_entry_hall, uniq_duvessa, uniq_menkaure
D:8:      nicolae_overflow_hidden_temple
D:9:      lair_entry_dummy, hangedman_fish_farm, minmay_misc_feat_tiny
D:10:     hiddenorc2_lemuel, xom_teletrap_fun, uniq_harold, uniq_snorg
Temple:   kilobyte_greek_temple

Skill      XL: |  1  2  3  4  5  6  7  8  9 10 |
---------------+-------------------------------+-----
Polearms       | 4 6 7 8 10 12 13 | 13.8
Armour         | 1 2 3 4 5 6 8 9 |  9.8
Fighting       | 3 4 5 6 7 9 10 | 10.1
Throwing       | |  2.0
Dodging        | |  3.2

Action                   |  1- 3 |  4- 6 |  7- 9 | 10-12 || total
-------------------------+-------+-------+-------+-------++-------
Melee: Trident           |    48 |   164 |    78 |    35 ||   325
       Headbutt          |     6 |    16 |    69 |    33 ||   124
       Halberd           |       |       |   379 |   191 ||   570
 Fire: Blowgun           |       |       |     8 |    17 ||    25
Throw: Stone             |       |    75 |    23 |     1 ||    99
       Throwing net      |       |     3 |     5 |     8 ||    16
Invok: Heroism           |       |       |       |     2 ||     2
  Use: Scroll            |     4 |     4 |    10 |       ||    18
       Potion            |       |       |     2 |     1 ||     3
 Stab: Held in net/web   |       |       |     1 |     1 ||     2
  Eat: Chunk             |       |     7 |    13 |     3 ||    23
       Ration            |       |       |     2 |     2 ||     4
Armor: Leather armour    |     5 |     6 |       |       ||    11
       Ring mail         |       |    33 |     1 |       ||    34
       Scale mail        |       |       |    23 |       ||    23
       Skin              |       |       |    15 |       ||    15
       Plate armour      |       |       |   199 |   101 ||   300
Dodge: Dodged            |    36 |    64 |   188 |    56 ||   344

Table legend:
 A = Non-vault XP
 B = Vault XP
 C = Vault XP percentage of total XP
 D = Non-vault monster count
 E = Vault monster count
 F = Vault count percentage of total count
                 A         B        C        D         E       F
            +---------+---------+-------+---------+---------+-------
      Total |    6699 |    2956 |  30.6 |     209 |      47 |  18.4
            +---------+---------+-------+---------+---------+-------
        D:1 |      18 |       4 |  18.2 |      10 |       2 |  16.7
        D:2 |      98 |     223 |  69.5 |      20 |       1 |   4.8
        D:3 |     302 |     205 |  40.4 |      43 |       3 |   6.5
        D:4 |     611 |     257 |  29.6 |      25 |       4 |  13.8
        D:5 |     779 |     250 |  24.3 |      25 |       2 |   7.4
        D:6 |     451 |       0 |   0.0 |      11 |       0 |   0.0
        D:7 |     924 |     389 |  29.6 |      22 |       3 |  12.0
        D:8 |    2046 |       0 |   0.0 |      36 |       0 |   0.0
        D:9 |     390 |    1291 |  76.8 |       5 |       2 |  28.6
       D:10 |    1080 |     337 |  23.8 |      12 |      30 |  71.4
            +---------+---------+-------+---------+---------+-------
